 Dungeon Crawl Stone Soup version 0.26-a0-639-g72c4674329 (webtiles) character file.

Game seed: 10480948680505180186

11209 hofbold the Covert (level 11, -8/67 HPs)
             Began as an Octopode Venom Mage on Sept 18, 2020.
             Was a Priest of Hepliaklqana.
             Mangled by a jumping spider (15 damage)
             ... summoned by a deep elf mage
             ... on level 11 of the Dungeon.
             The game lasted 00:27:43 (15677 turns).

hofbold the Covert (Octopode Venom Mage)           Turns: 15677, Time: 00:27:43

Health: -8/67      AC:  1    Str:  8    XL:     11   Next: 74%
Magic:  2/21       EV: 10    Int: 20    God:    Hepliaklqana [***...]
Gold:   198        SH:  0    Dex: 19    Spells: 7/23 levels left

rFire    . . .     SeeInvis .   u - +7 short sword (flame)
rCold    + . .     Faith    .   K - +0 buckler
rNeg     + . .     Spirit   .   (helmet restricted)
rPois    .         Reflect  .   (no amulet)
rElec    .         Harm     .   q - ring of protection from cold
rCorr    .         Rampage  .   F - +6 ring of dexterity
MR       .....                  J - ring of positive energy
Stlth    ++++++....             (no ring)
HPRegen  0.21/turn              (no ring)
MPRegen  0.17/turn              (no ring)
                                (no ring)
                                (no ring)

@: about to teleport, held
A: almost no armour, stealthy swim, amphibious, 8 rings, constrict 8, reduced
essence, camouflage 1, gelatinous body 1
a: Recall Ancestor, Ancestor Identity, Transference, Renounce Religion


You were on level 11 of the Dungeon.
You worshipped Hepliaklqana.
Hepliaklqana was most pleased with you.
You visited 3 branches of the dungeon, and saw 13 of its levels.
You also visited: Ossuary.

You collected 588 gold pieces.
You spent 390 gold pieces at shops.

Inventory:

Hand Weapons
 d - a +0 mace of protection
 i - a +2 quarterstaff of flaming
 u - a +7 short sword of flaming (weapon)
 C - a +2 vampiric dagger
Missiles
 b - 14 javelins
 c - 8 boomerangs (quivered)
 e - 3 curare-tipped darts
 h - 98 poisoned darts
Armour
 p - a +0 kite shield
 K - a +0 buckler (worn)
Magical Staves
 M - an uncursed staff of fire
Jewellery
 q - a ring of protection from cold (left tentacle)
 F - a +6 ring of dexterity (right tentacle)
 J - a ring of positive energy (on tentacle)
 L - an uncursed amulet of guardian spirit {unknown}
Wands
 o - a wand of polymorph (18)
 v - a wand of random effects (11)
 D - a wand of iceblast (5)
 H - a wand of enslavement (10)
Scrolls
 a - a scroll of identify
 m - a scroll of remove curse
 t - 3 scrolls of fear
 x - a scroll of teleportation
 z - a scroll of amnesia
 I - a scroll of magic mapping
 N - a scroll of fog
 O - a scroll of enchant armour {unknown}
Potions
 f - 5 potions of haste
 g - 4 potions of heal wounds
 j - a potion of brilliance {unknown}
 k - 2 potions of lignification
 l - 5 potions of might
 n - a potion of berserk rage {unknown}
 r - 7 potions of curing
 s - 2 potions of flight {unknown}
 w - 2 potions of mutation
 A - a potion of resistance {unknown}
 B - 3 potions of stabbing {unknown}
 E - a potion of invisibility {unknown}
 G - a potion of degeneration {unknown}
Miscellaneous
 y - a tin of tremorstones (2/3)
 P - a lightning rod (4/4)


   Skills:
 + Level 7.0 Fighting
 + Level 7.5 Dodging
 + Level 10.5 Stealth
 + Level 6.1 Shields
 + Level 6.8 Spellcasting
 - Level 1.0 Transmutations
 + Level 9.4 Poison Magic
 + Level 6.8 Evocations


You had 7 spell levels left.
You knew the following spells:

 Your Spells              Type           Power        Failure   Level
a - Olgreb's Toxic Radia  Pois           #####...     1%          4
b - Poisonous Vapours     Pois/Air       ####..       1%          2
c - Mephitic Cloud        Conj/Pois/Air  ###.....     8%          3
d - Ignite Poison         Fire/Tmut/Pois ###.....     7%          3
e - Petrify               Tmut/Erth      #.......     61%         4

Your spell library contained the following spells:

 Spells                   Type           Power        Failure   Level
 Sting                    Tmut/Pois      ####         1%          1
 Summon Small Mammal      Summ           #...         10%         1
 Call Imp                 Summ           #.......     14%         2
 Call Canine Familiar     Summ           #.......     28%         3
 Confusing Touch          Hex            #.......     28%         3
 Conjure Flame            Conj/Fire      #.......     28%         3
 Gell's Gravitas          Tloc           #.........   28%         3
 Summon Guardian Golem    Hex/Summ       #.......     28%         3
 Summon Ice Beast         Ice/Summ       #.......     67%         4
 Summon Lightning Spire   Summ/Air       #.......     67%         4
 Yara's Violent Unravell  Hex/Tmut       #.........   91%         5
 Metabolic Englaciation   Hex/Ice        #.........   95%         5
 Freezing Cloud           Conj/Ice/Air   #.........   100%        6


Dungeon Overview and Level Annotations

Branches:
Dungeon (11/15)            Temple (1/1) D:5             Orc (1/2) D:9
Ossuary (visited)
   Lair: D:8-11

Altars:
Ashenzari
Cheibriados
Dithmenos
Elyvilon
Fedhas
Gozag
Hepliaklqana
Kikubaaqudgha
Makhleb
Nemelex Xobeh
Okawaru
Qazlal
Ru
Sif Muna
Trog
Uskayaw
Vehumet
Wu Jian
Xom
Yredelemnul
Zin
The Shining One

Shops:
D:5 [   D:6 !   D:8 ?

Annotations:
D:5 2 transporters


Innate Abilities, Weirdness & Mutations

You cannot wear most types of armour.
You are very stealthy in the water. (Stealth+)
You are amphibious.
You can wear up to eight rings at the same time.
You can use your tentacles to constrict eight enemies at once.
Your skin changes colour to match your surroundings (Stealth+).
Your rubbery body absorbs attacks. (AC +1, EV +1)
Your life essence is reduced to manifest your ancestor. (-10% HP)


Message History

* * * LOW HITPOINT WARNING * * *
The jumping spider barely misses you. The jumping spider bites you.
* * * LOW HITPOINT WARNING * * *
Okay, then.
You feel much better.
The jumping spider leaps!
The sun demon barely misses you.
As you read the scroll of teleportation, it crumbles to dust.
You feel strangely unstable. You block the sun demon's attack.
The jumping spider pounces on you!!
* * * LOW HITPOINT WARNING * * *
You are caught in a web!
The jumping spider closely misses you.
There is a web, spattered with blood here.
You feel much better. The jumping spider closely misses you.
The jumping spider completely misses you.
The sun demon hits you!!
* * * LOW HITPOINT WARNING * * *
You are engulfed in flames!
* * * LOW HITPOINT WARNING * * *
The red devil closely misses you. The jumping spider pounces on you!
You die...

#.....!......
#............
##..)........ ##.....#...n
### ###.........# ....
###......########### .....
.........)..r.s4...#......
....(.############4.......
..†.........†..s@3.#......
....(......######### .....
............. ....
...).††).(... ...
.###..##..$.. .. # .#.#
.#... . ##.[ .... #..#
.#..


You could see a sun demon (summoned), a jumping spider (summoned) and a red
devil (summoned).

Vanquished Creatures
  A centaur warrior (D:11)
  A two-headed ogre (D:11)
  A deep elf mage (D:11)
  A manticore (D:9)
  A troll (D:9)
  A hippogriff (D:8)
  Sigmund (D:2)
  A redback (D:11)
  A wyvern (D:10)
  Menkaure (D:6)
  A vampire mosquito (D:9)
  Edmund (D:5)
  5 orc warriors
  A black bear (D:6)
  A phantom (D:9)
  4 necrophages
  3 sky beasts
  2 ogres
  4 wolves (D:10)
  4 centaurs
  A big kobold (D:10)
  Blork the orc (D:5)
  A wyvern zombie (D:11)
  3 bullfrogs
  A water moccasin zombie (D:10)
  4 scorpions
  8 killer bees
  5 wights
  4 howler monkeys
  A vampire bat (D:7)
  3 bullfrog zombies
  2 bullfrog skeletons
  A centaur skeleton (D:5)
  4 hounds
  A jelly (D:7)
  2 orc priests
  Crazy Yiuf (D:2)
  An iron imp (D:6)
  An iguana (D:3)
  Jessica (D:3)
  Natasha (D:2)
  8 orc wizards
  Terence (D:2)
  A killer bee zombie (D:10)
  6 worker ants
  4 big kobold zombies (Ossuary)
  2 mummies
  A worker ant zombie (D:11)
  2 howler monkey zombies
  4 gnolls (D:5)
  9 adders
  3 shadow imps
  3 white imps
  An ufetubus (D:6)
  An ooze (D:3)
  2 adder skeletons
  2 worms (D:2)
  7 leopard geckos
  42 orcs
  5 spectral bats (Ossuary)
  A ball python (D:5)
  8 bats
  2 bat skeletons (D:7)
  3 bat zombies (D:7)
  6 giant cockroaches
  7 gnoll zombies (Ossuary)
  6 goblins
  9 hobgoblins
  7 jackals
  4 quokkas
  3 bat simulacra (Ossuary)
  6 frilled lizards
  2 goblin simulacra (Ossuary)
  7 goblin zombies (Ossuary)
  3 hobgoblin zombies (Ossuary)
  14 kobolds
  A kobold simulacrum (Ossuary)
  3 kobold zombies (Ossuary)
  4 orc zombies (Ossuary)
  A quokka skeleton (D:9)
  5 rats
  2 rat simulacra (Ossuary)
  5 spectral goblins (Ossuary)
  2 spectral kobolds (Ossuary)
  3 spectral rats (Ossuary)
301 creatures vanquished.

Vanquished Creatures (collateral kills)
  2 centaur zombies (D:10)
  A gargoyle (D:11)
  A freezing wraith (D:9)
  3 trolls (D:9)
  A hippogriff (D:11)
  Grum (D:10)
  A warg (D:9)
  A necrophage (D:7)
  2 ice beasts
  A bullfrog (D:8)
  A scorpion (D:8)
  A water moccasin skeleton (D:11)
  A killer bee (D:9)
  4 wights
  A howler monkey (D:11)
  2 hounds
  2 jellies
  A centaur skeleton (D:11)
  An orc wizard (D:8)
  A killer bee zombie (D:7)
  A hound skeleton (D:11)
  A shadow imp (D:8)
  An orc (D:8)
  A gnoll zombie (Ossuary)
  3 bat simulacra (Ossuary)
  A kobold zombie (Ossuary)
  A spectral goblin (Ossuary)
  A butterfly (D:7)
39 creatures vanquished.

Vanquished Creatures (others)
  2 ancestors
  A battlemage (D:11)
  3 fungi (D:2)
  22 plants (D:11)
28 creatures vanquished.

Grand Total: 368 creatures vanquished

Notes
Turn   | Place    | Note
-------+----------+-------------------------------------------
     0 | D:1      | hofbold the Octopode Venom Mage began the quest for the
                  | Orb.
     0 | D:1      | Reached XP level 1. HP: 11/11 MP: 3/3
   180 | D:1      | Reached XP level 2. HP: 18/18 MP: 3/5
   184 | D:1      | Learned a level 2 spell: Poisonous Vapours
   224 | D:1      | Reached skill level 3 in Stealth
   791 | D:2      | Noticed Terence
  1087 | D:2      | Reached XP level 3. HP: 19/22 MP: 2/6
  1091 | D:2      | Killed Terence
  1091 | D:2      | Reached skill level 1 in Fighting
  1453 | D:2      | Found a radiant altar of Vehumet.
  1606 | D:2      | Reached XP level 4. HP: 24/28 MP: 7/7
  2253 | D:2      | Noticed Sigmund
  2269 | D:2      | Killed Sigmund
  2269 | D:2      | Reached skill level 4 in Stealth
  2269 | D:2      | Reached XP level 5. HP: 32/34 MP: 0/9
  2269 | D:2      | Reached XP level 6. HP: 36/39 MP: 0/10
  2457 | D:2      | Noticed Natasha
  2466 | D:2      | Killed Natasha
  2539 | D:2      | You fall into a shaft and drop 2 floors!
  2604 | D:4      | Reached skill level 5 in Poison Magic
  2705 | D:3      | Reached skill level 5 in Stealth
  2977 | D:3      | Noticed Jessica
  2981 | D:3      | Killed Jessica
  3208 | D:2      | Found a runed translucent door.
  3209 | D:2      | Noticed Crazy Yiuf
  3237 | D:2      | Killed Crazy Yiuf
  3237 | D:2      | Reached XP level 7. HP: 45/45 MP: 8/12
  3815 | D:3      | Learned a level 4 spell: Olgreb's Toxic Radiance
  3819 | D:3      | Learned a level 3 spell: Ignite Poison
  3823 | D:3      | Learned a level 3 spell: Mephitic Cloud
  4030 | D:3      | Found a faded altar of an unknown god.
  5084 | D:4      | Found a white marble altar of Elyvilon.
  5217 | D:5      | Entered Level 5 of the Dungeon
  5219 | D:5      | Reached skill level 1 in Evocations
  5650 | D:5      | Reached skill level 1 in Shields
  5841 | D:5      | Found a transporter.
  5842 | D:5      | Noticed a catoblepas
  5863 | D:5      | Noticed Blork the orc
  5874 | D:5      | Killed Blork the orc
  5874 | D:5      | Reached skill level 6 in Stealth
  5874 | D:5      | Reached XP level 8. HP: 46/52 MP: 2/13
  6431 | D:5      | Found a staircase to the Ecumenical Temple.
  6480 | D:5      | Found a snail-covered altar of Cheibriados.
  6500 | D:5      | Found an ornate altar of the Wu Jian Council.
  6503 | D:5      | Noticed a hippogriff
  6515 | D:5      | Found a transporter.
  6679 | D:5      | Found Joxu's Antique Armour Boutique.
  6752 | D:5      | Found a shimmering blue altar of Sif Muna.
  6867 | D:5      | Noticed Edmund
  6884 | D:5      | Killed Edmund
  7303 | D:6      | Noticed Menkaure
  7701 | D:6      | Reached skill level 7 in Stealth
  7772 | D:6      | Noticed Grinder
  7774 | D:6      | Reached XP level 9. HP: 59/59 MP: 7/15
  7780 | D:6      | Noticed Grinder
  7780 | D:6      | Grinder changed into Grinder the iron imp
  7789 | D:6      | Killed Grinder the iron imp
  7937 | D:6      | Found Sash's Distillery.
  7942 | D:6      | Bought a potion of heal wounds for 65 gold pieces
  7942 | D:6      | Bought a potion of heal wounds for 65 gold pieces
  7942 | D:6      | Bought 2 potions of mutation for 208 gold pieces
  8095 | D:7      | Found a sacrificial altar of Ru.
  8102 | D:7      | Reached skill level 5 in Dodging
  8669 | Temple   | Entered the Ecumenical Temple
  8713 | Temple   | Became a worshipper of Hepliaklqana the Forgotten
  9249 | D:6      | Killed Menkaure
  9338 | D:6      | Reached skill level 5 in Spellcasting
  9520 | D:7      | Reached skill level 5 in Fighting
  9529 | D:7      | Reached skill level 8 in Stealth
  9781 | D:7      | Found a shimmering altar of Xom.
 10132 | D:7      | You fall into a shaft and drop 2 floors!
 10202 | D:9      | Reached XP level 10. HP: 54/59 MP: 17/17
 10246 | D:8      | Reached * piety under Hepliaklqana
 10248 | D:8      | Found Ziolem's Magic Scroll Shop.
 10257 | D:8      | Bought a scroll of magic mapping for 52 gold pieces
 10280 | D:8      | Found a sand-covered staircase.
 10287 | Ossuary  | Entered an ossuary
 11393 | D:8      | Reached skill level 5 in Evocations
 12010 | D:7      | Found an ancient bone altar of Kikubaaqudgha.
 12093 | D:7      | Found a glowing silver altar of Zin.
 12293 | D:9      | Learned a level 4 spell: Petrify
 12811 | D:9      | Found a staircase to the Orcish Mines.
 12850 | D:9      | Found a basalt altar of Yredelemnul.
 12850 | D:9      | Reached ** piety under Hepliaklqana
 12856 | D:9      | Remembered your ancestor Thargor as a battlemage
 13069 | D:9      | Noticed a manticore
 13075 | D:9      | Killed a manticore
 13075 | D:9      | Reached skill level 9 in Stealth
 13677 | Orc:1    | Entered Level 1 of the Orcish Mines
 13679 | Orc:1    | Reached skill level 5 in Shields
 13852 | D:9      | HP: 2/61 [warg (9)]
 14165 | D:10     | Entered Level 10 of the Dungeon
 14319 | D:10     | Reached XP level 11. HP: 57/64 MP: 20/20
 14772 | D:10     | Noticed Grum
 14783 | D:10     | Killed Grum
 14879 | D:10     | Found a snail-covered altar of Cheibriados.
 15285 | D:11     | Noticed a two-headed ogre
 15288 | D:11     | Reached skill level 10 in Stealth
 15293 | D:11     | Killed a two-headed ogre
 15293 | D:11     | Noticed a deep elf mage
 15547 | D:11     | Reached *** piety under Hepliaklqana
 15604 | D:11     | Noticed a deep elf mage
 15609 | D:11     | Killed a deep elf mage
 15612 | D:11     | Noticed a centaur warrior
 15621 | D:11     | Killed a centaur warrior
 15662 | D:11     | Noticed a sun demon
 15677 | D:11     | Mangled by a jumping spider

Illustrated notes

Levels and vault maps discovered:
D:1:      dpeg_arrival_refuge, layout_basic
D:2:      layout_loops_cross, lemuel_coloured_pillars_altar, uniq_sigmund,
          uniq_crazy_yiuf_cottage, uniq_natasha, uniq_terence
D:3:      layout_basic, chequers_ecumenical_altar_simple_redux, uniq_jessica
D:4:      layout_basic, elyvilon_altar_3
D:5:      layout_rooms, gammafunk_temple_overflow_arena, lemuel_doored_altar,
          minmay_temple_entry_antechambers, serial_shops, shop, tgw_sif,
          uniq_blork_the_orc, uniq_edmund
D:6:      minmay_recursive_quarters, layout_rooms, serial_shops,
          kennysheep_little_box, uniq_grinder, uniq_menkaure
D:7:      layout_cave_pools, kennysheep_vampire_church, zin_scriptorium,
          xom_butterflies, old_standard_altar, serial_undead, serial_undead_d,
          serial_undead_a, serial_undead_d, serial_undead_c
D:8:      layout_loops_ring, serial_shops, nicolae_shop_waterfront,
          nicolae_ossuary_entry_monument
D:9:      layout_cave_pools, lemuel_round_altar, orc_0_dummy,
          hangedman_abyss_or_decor_stagger, minmay_evil_grid
D:10:     layout_long_grid, basic_altar, uniq_grum
D:11:     minmay_the_grid_square_5x5_4x4_mashed
          [minmay_the_grid_square_5x5_minimal,
          minmay_the_grid_square_5x5_tri_point,
          minmay_the_grid_square_5x5_almost_minimal,
          minmay_the_grid_square_5x5_inner_z,
          minmay_the_grid_square_5x5_misaligned,
          minmay_the_grid_square_5x5_prize_gold,
          minmay_the_grid_square_5x5_prize_pseudospiral,
          minmay_the_grid_square_5x5_empty, minmay_the_grid_square_5x5_seven,
          minmay_the_grid_square_5x5_prize_waves,
          minmay_the_grid_square_5x5_prize_rear_guard,
          minmay_the_grid_square_5x5_z, minmay_the_grid_square_5x5_hollow_slash,
          minmay_the_grid_square_5x5_gyroscope,
          minmay_the_grid_square_5x5_longway, minmay_the_grid_square_5x5_inset],
          layout_rooms, david_lair_shrubbed
Temple:   nicolae_temple_god_jail
Orc:1:    layout_caves, basic_altar, serial_shops,
          nicolae_shop_overgrown_old_shop

Skill      XL: |  1  2  3  4  5  6  7  8  9 10 11 |
---------------+----------------------------------+-----
Stealth        | 3 4 5 6 7 8 9 10 | 10.5
Fighting       | 1 2 3 4 5 6 7 |  7.0
Poison Magic   | 4 5 6 7 8 9 |  9.4
Dodging        | 3 4 5 6 7 |  7.5
Spellcasting   | 3 4 5 6 |  6.8
Evocations     | 1 3 4 5 6 |  6.8
Shields        | 1 2 3 5 6 |  6.1
Transmutations | |  1.0

Action                   |  1- 3 |  4- 6 |  7- 9 | 10-12 || total
-------------------------+-------+-------+-------+-------++-------
Melee: Unarmed           |    25 |       |       |       ||    25
       Constrict         |    10 |    15 |    34 |    29 ||    88
       Tentacles         |     5 |     6 |    23 |    27 ||    61
       Mace              |    11 |    56 |   109 |       ||   176
       Short sword       |       |       |    26 |   135 ||   161
Throw: Boomerang         |     9 |    11 |     8 |     4 ||    32
       Dart              |       |       |     3 |       ||     3
 Cast: Sting             |    25 |       |       |       ||    25
       Poisonous Vapours |     9 |    29 |    58 |     2 ||    98
       Ignite Poison     |       |       |    22 |    31 ||    53
       Olgreb's Toxic Ra |       |       |    19 |    38 ||    57
       Mephitic Cloud    |       |       |    10 |     4 ||    14
Invok: Ancestor Identity |       |       |     2 |       ||     2
       Recall Ancestor   |       |       |     1 |     1 ||     2
       Ancestor Life: Ba |       |       |       |     1 ||     1
Evoke: Wand              |       |       |     3 |       ||     3
       Tin of tremorston |       |       |       |     2 ||     2
  Use: Scroll            |       |       |    14 |    10 ||    24
       Potion            |       |       |       |     2 ||     2
 Stab: Sleeping          |       |     5 |     3 |    25 ||    33
       Distracted        |       |       |     2 |     1 ||     3
Armor: Skin              |    16 |    16 |    26 |     9 ||    67
Dodge: Dodged            |    44 |    51 |   161 |   109 ||   365
Block: Buckler           |       |       |       |    11 ||    11

Table legend: (Time is in decaauts)
 A = Elapsed time spent in this place.
 B = Non-inter-level travel time spent in this place.
 C = Inter-level travel time spent in this place.
 D = Time resting spent in this place.
 E = Time spent auto-exploring this place.
 F = Levels seen in this place.
 G = Mean time per level.
                   A        B        C        D        E       F      G
               +--------+--------+--------+--------+--------+-----+--------+
         Total |  15800 |  15171 |    629 |    605 |  12147 |  14 | 1128.6 |
       Dungeon |  15013 |  14396 |    617 |    605 |  11539 |  11 | 1364.8 |
        Temple |     61 |     49 |     12 |      0 |     40 |   1 |   61.0 |
  Orcish Mines |      6 |      6 |      0 |      0 |      0 |   1 |    6.0 |
       Ossuary |    718 |    718 |      0 |      0 |    568 |   1 |  718.0 |
               +--------+--------+--------+--------+--------+-----+--------+

Top non-repeatable levels by time:
     D:2: 2303 daAuts
     D:9: 2045 daAuts
     D:6: 1737 daAuts
     D:5: 1594 daAuts
     D:4: 1443 daAuts
    D:10: 1255 daAuts
     D:3: 1222 daAuts
     D:7: 1170 daAuts
     D:8: 1012 daAuts
     D:1: 967 daAuts
 Ossuary: 718 daAuts
    D:11: 261 daAuts
  Temple: 61 daAuts
   Orc:1: 6 daAuts
